Map: Terrasses de Prion

Players

Miedziany

  • Race: Terran Terran
  • League: Master

KingKong - Winner!

  • Race: Protoss Protoss
  • League: Master

VOD

Have the link to the VOD?

Description

Time

  • Played on: Feb. 20, 2016, 7:03 p.m.
  • Length: 4:19
Show
View Real Time Build Order
Export as new Build Order

Miedziany Terran 

Build Orders: Reaper Expand 

Get SALT Encoding   

  12  0:01  SCV  
  13  0:13  SCV  
  14  0:21  Supply Depot  
  14  0:25  SCV  
  15  0:43  Barracks, SCV  
  15  0:47  Refinery  
  16  0:55  SCV  
  17  1:07  SCV  
  18  1:19  SCV  
  19  1:34  Reaper  
  19  1:35  Orbital Command  
  20  1:43  Command Center  
  20  1:51  Supply Depot  
  20  2:00  SCV  
  21  2:07  Barracks Reactor  
  21  2:12  SCV  
  21  2:15  Barracks  
  22  2:25  SCV  
  22  2:26  Refinery  
  23  2:32  Factory  
  23  2:37  SCV  
  23  2:44  Marine x2  
  23  2:49  SCV  
  26  2:54  Orbital Command  
  26  3:02  Marine x2, Barracks Tech Lab, SCV  
  27  3:18  Starport  
  27  3:20  Marine x2  
  27  3:21  SCV x2  
  31  3:27  Marauder  
  31  3:30  Factory Reactor  
  33  3:37  Marine  
  33  3:38  Marine  
  34  3:44  SCV x2  
  36  3:55  Marine x2  
  36  3:56  SCV  
Show
View Real Time Build Order
Export as new Build Order

KingKong Protoss - Winner!

Build Orders:  

Get SALT Encoding   

  12  0:01  Probe (Chrono Boost)  
  13  0:11  Probe (Chrono Boost)  
  14  0:17  Pylon  
  14  0:22  Probe (Chrono Boost)  
  16  0:36  Probe (Chrono Boost)  
  16  0:39  Gateway  
  16  0:46  Probe (Chrono Boost)  
  16  0:49  Assimilator  
  17  0:57  Probe (Chrono Boost)  
  18  1:02  Assimilator  
  18  1:07  Probe (Chrono Boost)  
  19  1:19  Probe (Chrono Boost)  
  19  1:20  Gateway  
  20  1:31  Cybernetics Core, Probe (Chrono Boost)  
  21  1:42  Probe (Chrono Boost)  
  21  1:46  Pylon  
  22  1:52  Probe (Chrono Boost)  
  23  2:08  Adept x2  
  27  2:09  Mothership Core (Chrono Boost)  
  27  2:10  Warp Gate (Chrono Boost)  
  27  2:15  Pylon  
  29  2:32  Stargate  
  29  2:42  Adept x2  
  33  2:49  Pylon  
  33  2:57  Gateway  
  33  3:04  Pylon  
  33  3:16  Void Ray (Chrono Boost)  
  41  3:59  Pylon  
  41  4:06  Adept  
  41  4:07  Adept x2  
Tags
 
Add a new tag
Caveats
  • Supply blocks, unpowered buildings, or Contaminate may cause inaccurate times.
  • Supply counts are checked every 10 seconds.